 Dungeon Crawl Stone Soup version 0.28.0 (webtiles) character file.

Game seed: 14747289561662458126

58 Gabide the Grave Robber (level 3, 0/26 HPs)
             Began as a Mummy Necromancer on Feb 9, 2022.
             Slain by a gnoll (4 damage)
             ... on level 2 of the Dungeon.
             The game lasted 00:02:44 (1480 turns).

Gabide the Grave Robber (Mummy Necromancer)         Turns: 1480, Time: 00:02:45

Health: 0/26       AC:  2    Str: 11    XL:     3   Next: 76%
Magic:  0/8        EV: 12    Int: 16    God:
Gold:   48         SH:  0    Dex: 12    Spells: 5/9 levels left

rFire   x . .      SeeInvis .   c - +0 dagger (drain)
rCold   + . .      Faith    .   (no shield)
rNeg    + + +      Spirit   .   a - +0 robe
rPois   ∞          Reflect  .   (no helmet)
rElec   .          Harm     .   (no cloak)
rCorr   .          Rampage  .   (no gloves)
Will    .....                   (no boots)
Stlth   ++........              (no amulet)
HPRegen 0.08/turn               (no ring)
MPRegen 0.11/turn               (no ring)

@: no status effects
A: cold resistance 1, negative energy resistance 3, torment resistance 2, heat
vulnerability 1, no potions
a: no special abilities


You were on level 2 of the Dungeon.
You visited 1 branch of the dungeon, and saw 2 of its levels.

You collected 48 gold pieces.

Inventory:

Hand Weapons
 c - a +0 dagger of draining (weapon)
Armour
 a - a +0 robe (worn)
Scrolls
 b - a scroll of blinking {unknown}
 d - 2 scrolls of identify {unknown}
 e - a scroll of noise {unknown}
 f - a scroll of fog {unknown}
 g - a scroll of teleportation {unknown}
 h - a scroll of immolation {unknown}


   Skills:
 * Level 1.1 Fighting
 * Level 1.9 Dodging
 + Level 1.6 Stealth
 + Level 0.1 Unarmed Combat
 + Level 3.5 Spellcasting
 + Level 4.6 Necromancy


You had 5 spell levels left.
You knew the following spells:

 Your Spells              Type           Power      Damage    Failure   Level
a - Pain                  Necr           68%        1d7       2%          1
b - Vampiric Draining     Necr           17%        2d7       8%          3

Your spell library contained the following spells:

 Spells                   Type           Power      Damage    Failure   Level
 Animate Skeleton         Necr           34%        N/A       2%          1
 Sandblast                Erth           4%         2d4       19%         1
 Passwall                 Tmut/Erth      1%         N/A       26%         2
 Animate Dead             Necr           8%         N/A       26%         4
 Confusing Touch          Hex            2%         N/A       47%         3
 Stone Arrow              Conj/Erth      4%         3d7       47%         3
 Agony                    Necr           17%        N/A       58%         5
 Yara's Violent Unravell  Hex/Tmut       1%         3d3       99%         5
 Enfeeble                 Hex            1%         N/A       100%        7


Dungeon Overview and Level Annotations

Branches:
Dungeon (2/15)

Altars:


Innate Abilities, Weirdness & Mutations

You are immune to poison.
Your flesh is cold resistant. (rC+)
You are immune to negative energy. (rN+++)
You are immune to unholy pain and torment.
You are vulnerable to heat. (rF-)
You do not drink.


Message History

You can't see any susceptible monsters within range! (Use Z to cast anyway.)
The bat writhes in agony.
You kill the bat!
h - a scroll labelled KIKIZA HYRESYO A gnoll comes into view.
It is wielding a +0 whip.
A gnoll is nearby!
An orc and 2 gnolls come into view.
A gnoll comes into view. It is wielding a +0 spear.
The orc shouts!
The gnoll shouts! x2
The orc writhes in agony.
The gnoll shouts! x2
The orc writhes in agony.
You kill the orc!
The gnoll writhes in agony.
The gnoll writhes in agony.
The gnoll writhes in agony.
You kill the gnoll!
Your Fighting skill increases to level 1!
The gnoll writhes in agony.
The gnoll writhes in agony.
The gnoll hits you from afar with a +0 spear.
The gnoll barely resists.
The gnoll hits you from afar with a +0 spear!
The gnoll barely misses you.
You closely miss the gnoll.
The gnoll is severely wounded.
The gnoll hits you with a +0 spear.
Aiming: Pain (safe; 2% risk of failure)
Press: ? - help, Q - select action Shift-Dir - straight line, f/p - gnoll
Aim: a gnoll, wielding a +0 spear (severely wounded, chance to affect: 81%)
The gnoll barely resists.
The gnoll hits you with a +0 spear.
* * * LOW HITPOINT WARNING * * *
You barely miss the gnoll.
The gnoll is severely wounded.
The gnoll closely misses you.
You hit the gnoll but do no damage. You drain the gnoll.
You kill the gnoll!
You hit the gnoll but do no damage. The gnoll hits you with a +0 whip.
You die...

####### ############ #.....#
#..........# ###
#.....#####..........#
....##..^..g..g#..........#
..........g.##g#..........#
...)..)..#####@#..........#
......#### #.#.##.#######
...... #####...........#
....#.####......###......#
... ............###......#
....###....................#
..................###......#
.......###........# #......#
........##........# #......#


You could see 2 gnolls.

Vanquished Creatures
  2 gnolls (D:2)
  An orc (D:2)
  6 endoplasms
  A giant cockroach (D:1)
  7 goblins (D:1)
  2 hobgoblins (D:1)
  2 quokkas (D:1)
  2 ball pythons (D:1)
  6 bats
  A kobold (D:1)
  5 rats (D:1)
35 creatures vanquished.

Notes
Turn   | Place    | Note
-------+----------+-------------------------------------------
     0 | D:1      | Gabide the Mummy Necromancer began the quest for the Orb.
     0 | D:1      | Reached XP level 1. HP: 13/13 MP: 4/4
     1 | D:1      | Noticed a minotaur skeleton
    15 | D:1      | Noticed a minotaur skeleton
   118 | D:1      | Found a faded altar of an unknown god.
   254 | D:1      | Reached XP level 2. HP: 14/20 MP: 1/5
  1120 | D:1      | Reached XP level 3. HP: 25/25 MP: 2/7
  1124 | D:1      | Learned a level 3 spell: Vampiric Draining
  1461 | D:2      | Reached skill level 1 in Fighting
  1480 | D:2      | Slain by a gnoll

Illustrated notes

Levels and vault maps discovered:
D:1:      shiori_arrival_whats_in_store_for_you, layout_rooms,
          ebering_ecumenical_altar_box, palyth_stone_intersect,
          minmay_door_square, serial_bayou_crossing
D:2:      layout_rooms, chequers_garden, minmay_octomino_c4

Skill      XL: |  1  2  3 |
---------------+----------+-----
Spellcasting   | 3 |  3.5
Fighting       | 1 |  1.1
Dodging        | |  1.9
Stealth        | |  1.6
Unarmed Combat | |  0.1
Necromancy     | |  4.6

Action                   || total
-------------------------++-------
Melee: Unarmed           ||    27
       Punch             ||     1
       Dagger            ||    24
 Cast: Pain              ||    65
Armor: Robe              ||    10
Dodge: Dodged            ||    38
